| TOP OF THE 1ST |
|
Houston Astros batting - Pitching for Los Angeles Dodgers : RHP Kalititi Haki
|
|
Pitching: RHP Kalititi Haki
|
|
|
Batting: RHB Jeremy Trump
|
0-0: Ball 1-0: Ground out 6-3 (Groundball, 4M, EV 101.9 MPH)
|
|
Batting: LHB Eric Katz
|
0-0: Called Strike 0-1: Ball 1-1: Foul Ball, location: 2F 1-2: Strikes out swinging
|
|
Batting: SHB Jason Woods
|
0-0: Called Strike 0-1: Ball 1-1: Ball 2-1: Foul Ball, location: 2F 2-2: Fly out, F8 (Flyball, 8LXD, EV 89.4 MPH)
|
| Top of the 1st over - 0 runs, 0 hits, 0 errors, 0 left on base; Houston 0 - Los Angeles 0 |
| BOTTOM OF THE 1ST |
|
Los Angeles Dodgers batting - Pitching for Houston Astros : LHP Mat Pear
|
|
Pitching: LHP Mat Pear
|
|
|
Batting: RHB Tim Nettles
|
0-0: Fly out, F9 (Flyball, 9, EV 78.8 MPH)
|
|
Batting: SHB Shane Marcum
|
0-0: Called Strike 0-1: Fly out, F9 (Line Drive, 9S, EV 93.8 MPH)
|
|
Batting: LHB Lirak Bazhunaishvili
|
0-0: Swinging Strike 0-1: Ball 1-1: Called Strike 1-2: Strikes out swinging
|
| Bottom of the 1st over - 0 runs, 0 hits, 0 errors, 0 left on base; Houston 0 - Los Angeles 0 |
| TOP OF THE 2ND |
|
Houston Astros batting - Pitching for Los Angeles Dodgers : RHP Kalititi Haki
|
|
Batting: LHB Jack Christie
|
0-0: Ground out U3 (Groundball, 3, EV 106.2 MPH)
|
|
Batting: RHB Eric Chotkowski
|
0-0: Ground out 6-3 (Groundball, 6, EV 95.0 MPH)
|
|
Batting: SHB Rich Chavez
|
0-0: Fly out, F8 (Flyball, 78D, EV 95.6 MPH)
|
| Top of the 2nd over - 0 runs, 0 hits, 0 errors, 0 left on base; Houston 0 - Los Angeles 0 |
| BOTTOM OF THE 2ND |
|
Los Angeles Dodgers batting - Pitching for Houston Astros : LHP Mat Pear
|
|
Batting: RHB Clay Buchanan
|
0-0: Fly out, F8 (Flyball, 78M, EV 83.8 MPH)
|
|
Batting: RHB Danny Dyer
|
0-0: Called Strike 0-1: Ball 1-1: Ball 2-1: SOLO HOME RUN (Flyball, 8LXD, EV 104.4 MPH), Distance : 409 ft
|
|
Batting: LHB Juan Concepcion
|
0-0: Called Strike 0-1: Ball 1-1: Called Strike 1-2: Hit by Pitch, AND HE CHARGES THE MOUND! The benches clear!
|
|
Pitching: RHP Mike Hurst
|
|
|
Pinch Runner at 1st John Piccolo:
|
|
|
Batting: RHB Ben Mischnick
|
0-0: Foul Ball, location: 2F 0-1: Called Strike 0-2: Ball Wild Pitch! John Piccolo to second 1-2: Ball 2-2: Ball 3-2: Ground out 6-3 (Groundball, 6, EV 89.4 MPH)
|
|
Batting: RHB Leonardo Nava
|
0-0: Ball 1-0: Swinging Strike 1-1: Swinging Strike 1-2: Ball 2-2: Ball 3-2: Strikes out looking
|
| Bottom of the 2nd over - 1 run, 1 hit, 0 errors, 1 left on base; Houston 0 - Los Angeles 1 |
| TOP OF THE 3RD |
|
Houston Astros batting - Pitching for Los Angeles Dodgers : RHP Kalititi Haki
|
|
Batting: RHB Chris Lane
|
0-0: Ball 1-0: Foul Ball, location: 2F 1-1: Called Strike 1-2: Ball 2-2: Strikes out swinging
|
|
Batting: SHB Joe Gardner
|
0-0: Foul Ball, location: 2F 0-1: Ball 1-1: Ball 2-1: Foul Ball, location: 2F 2-2: Foul Ball, location: 2F 2-2: Foul Ball, location: 2F 2-2: Fly out, F7 (Flyball, 7LM, EV 98.8 MPH)
|
|
Batting: SHB Troy Kenyon
|
0-0: Foul Ball, location: 2F 0-1: DOUBLE (Line Drive, 5D, EV 107.5 MPH)
|
|
Batting: RHB Jeremy Trump
|
0-0: Called Strike 0-1: Ball 1-1: Ball 2-1: Swinging Strike 2-2: Ball 3-2: TRIPLE (Line Drive, 89XD, EV 113.8 MPH) Troy Kenyon scores
|
|
Batting: LHB Eric Katz
|
0-0: Ground out U3 (Groundball, 3, EV 83.8 MPH)
|
| Top of the 3rd over - 1 run, 2 hits, 0 errors, 1 left on base; Houston 1 - Los Angeles 1 |
| BOTTOM OF THE 3RD |
|
Los Angeles Dodgers batting - Pitching for Houston Astros : RHP Mike Hurst
|
|
Batting: RHB Wing-kit Bu
|
0-0: Foul Ball, location: 2F 0-1: SINGLE (Groundball, 6S, EV 61.9 MPH) (infield hit)
|
|
Batting: RHB Tim Nettles
|
0-0: Called Strike 0-1: Fly out, F9 (Flyball, 9D, EV 98.8 MPH)
|
|
Batting: SHB Shane Marcum
|
0-0: Called Strike 0-1: Ball 1-1: Ball 2-1: Called Strike 2-2: Strikes out swinging
|
|
Batting: LHB Lirak Bazhunaishvili
|
0-0: Ball Wing-kit Bu is caught stealing 2nd base 2-6
|
| Bottom of the 3rd over - 0 runs, 1 hit, 0 errors, 0 left on base; Houston 1 - Los Angeles 1 |
| TOP OF THE 4TH |
|
Houston Astros batting - Pitching for Los Angeles Dodgers : RHP Kalititi Haki
|
|
Batting: SHB Jason Woods
|
0-0: Foul Ball, location: 2F 0-1: Ball 1-1: Ground out 4-3 (Groundball, 34, EV 85.6 MPH)
|
|
Batting: LHB Jack Christie
|
0-0: Ball 1-0: Ball 2-0: Called Strike 2-1: Ball 3-1: Foul Ball, location: 2F 3-2: Ground out 6-3 (Groundball, 6M, EV 109.4 MPH)
|
|
Batting: RHB Eric Chotkowski
|
0-0: Ground out 3-1 (Groundball, 34, EV 78.1 MPH)
|
| Top of the 4th over - 0 runs, 0 hits, 0 errors, 0 left on base; Houston 1 - Los Angeles 1 |
| BOTTOM OF THE 4TH |
|
Los Angeles Dodgers batting - Pitching for Houston Astros : RHP Mike Hurst
|
|
Batting: LHB Lirak Bazhunaishvili
|
0-0: Ball 1-0: Called Strike 1-1: Foul Ball, location: 2F 1-2: Foul Ball, location: 2F 1-2: Ball 2-2: Ball 3-2: Base on Balls
|
|
Batting: RHB Clay Buchanan
|
0-0: Fielders Choice at 2nd, 3-6 (Groundball, 3, EV 92.5 MPH)
|
|
Batting: RHB Danny Dyer
|
0-0: Called Strike 0-1: Ball Clay Buchanan steals 2nd base 1-1: Fly out, F8 (Line Drive, 8RS, EV 106.9 MPH)
|
|
Batting: RHB John Piccolo
|
0-0: Swinging Strike 0-1: Called Strike 0-2: Ball 1-2: Ball 2-2: Fly out, F9 (Flyball, 9D, EV 88.8 MPH)
|
| Bottom of the 4th over - 0 runs, 0 hits, 0 errors, 1 left on base; Houston 1 - Los Angeles 1 |
| TOP OF THE 5TH |
|
Houston Astros batting - Pitching for Los Angeles Dodgers : RHP Kalititi Haki
|
|
Batting: SHB Rich Chavez
|
0-0: Hit by Pitch
|
|
Batting: RHB Chris Lane
|
0-0: Ball 1-0: Called Strike 1-1: Foul Ball, location: 2F 1-2: SINGLE (Line Drive, 78S, EV 93.1 MPH) Rich Chavez to second
|
|
Batting: SHB Joe Gardner
|
0-0: Called Strike 0-1: Ball 1-1: Called Strike 1-2: Strikes out swinging
|
|
Batting: SHB Troy Kenyon
|
0-0: Ball 1-0: Foul Ball, location: 2F 1-1: Called Strike 1-2: Foul Ball, location: 2F 1-2: Strikes out looking
|
|
Batting: RHB Jeremy Trump
|
0-0: Swinging Strike 0-1: Foul Ball, location: 2F 0-2: Foul Ball, location: 2F 0-2: Ball 1-2: Strikes out swinging
|
| Top of the 5th over - 0 runs, 1 hit, 0 errors, 2 left on base; Houston 1 - Los Angeles 1 |
| BOTTOM OF THE 5TH |
|
Los Angeles Dodgers batting - Pitching for Houston Astros : RHP Mike Hurst
|
|
Batting: RHB Ben Mischnick
|
0-0: Ball 1-0: Ball 2-0: Foul Ball, location: 2F 2-1: Ball 3-1: Called Strike 3-2: Base on Balls
|
|
Batting: RHB Leonardo Nava
|
0-0: Swinging Strike 0-1: Hit by Pitch Ben Mischnick to second
|
|
Batting: RHB Wing-kit Bu
|
0-0: Ball 1-0: Ball 2-0: Fly out, F7 (Flyball, 7, EV 92.5 MPH)
|
|
Pitching: LHP Brian Thomas
|
|
|
Batting: RHB Tim Nettles
|
0-0: Ball 1-0: SINGLE (Line Drive, 5D, EV 98.8 MPH) Ben Mischnick to third Leonardo Nava to second
|
|
Batting: SHB Shane Marcum
|
0-0: Called Strike 0-1: Foul Ball, location: 2F 0-2: Foul Ball, location: 2F 0-2: Strikes out swinging
|
|
Batting: LHB Lirak Bazhunaishvili
|
0-0: Ball 1-0: TRIPLE (Flyball, 89XD, EV 100.0 MPH) Ben Mischnick scores Leonardo Nava scores Tim Nettles scores
|
|
Batting: RHB Clay Buchanan
|
0-0: Foul Ball, location: 2F 0-1: SINGLE (Groundball, 56S, EV 74.4 MPH) (infield hit) Lirak Bazhunaishvili scores
|
|
Batting: RHB Danny Dyer
|
0-0: Ball Clay Buchanan steals 2nd base 1-0: Ball 2-0: Called Strike 2-1: Ground out 6-3 (Groundball, 6, EV 86.9 MPH)
|
| Bottom of the 5th over - 4 runs, 3 hits, 0 errors, 1 left on base; Houston 1 - Los Angeles 5 |
| TOP OF THE 6TH |
|
Houston Astros batting - Pitching for Los Angeles Dodgers : RHP Kalititi Haki
|
|
Batting: LHB Eric Katz
|
0-0: Ball 1-0: Ball 2-0: Ball 3-0: Called Strike 3-1: Base on Balls
|
|
Batting: SHB Jason Woods
|
0-0: Ball 1-0: Called Strike 1-1: Ball 2-1: Ball 3-1: Called Strike 3-2: Base on Balls Eric Katz to second
|
|
Batting: LHB Jack Christie
|
0-0: Ball 1-0: Ball 2-0: Ball 3-0: Called Strike 3-1: Swinging Strike 3-2: Base on Balls Eric Katz to third Jason Woods to second
|
|
Batting: RHB Eric Chotkowski
|
0-0: Called Strike 0-1: Ball 1-1: Called Strike 1-2: Foul Ball, location: 2F 1-2: Ball 2-2: Foul Ball, location: 2F 2-2: Ball 3-2: Foul Ball, location: 2F 3-2: Base on Balls Eric Katz scores Jason Woods to third Jack Christie to second
|
|
Batting: SHB Rich Chavez
|
0-0: Called Strike 0-1: SINGLE (Groundball, 34, EV 95.6 MPH) Jason Woods scores Jack Christie to third Eric Chotkowski to second
|
|
Batting: RHB Chris Lane
|
0-0: Ball 1-0: Foul Ball, location: 2F 1-1: Ball 2-1: Ball 3-1: Base on Balls Jack Christie scores Eric Chotkowski to third Rich Chavez to second
|
|
Batting: SHB Joe Gardner
|
0-0: Fly out, F8 (Line Drive, 8LM, EV 88.8 MPH)
|
|
Batting: SHB Troy Kenyon
|
0-0: Ball 1-0: Ball 2-0: Called Strike 2-1: Ball 3-1: Swinging Strike 3-2: Base on Balls Eric Chotkowski scores Rich Chavez to third Chris Lane to second
|
|
Pitching: LHP Gavin White
|
|
|
Batting: RHB Jeremy Trump
|
0-0: DOUBLE (Flyball, 8RXD, EV 112.5 MPH) Rich Chavez scores Chris Lane scores Troy Kenyon to third
|
|
Batting: LHB Eric Katz
|
0-0: Ground out 3-1 (Groundball, 34S, EV 82.5 MPH) Troy Kenyon scores Jeremy Trump to third
|
|
Batting: SHB Jason Woods
|
0-0: Intentional Walk
|
|
Batting: LHB Jack Christie
|
0-0: Fly out, F8 (Flyball, 8LM, EV 87.5 MPH)
|
| Top of the 6th over - 7 runs, 2 hits, 0 errors, 2 left on base; Houston 8 - Los Angeles 5 |
| BOTTOM OF THE 6TH |
|
Los Angeles Dodgers batting - Pitching for Houston Astros : LHP Brian Thomas
|
|
Batting: RHB John Piccolo
|
0-0: Called Strike 0-1: Foul Ball, location: 2F 0-2: Foul Ball, location: 2F 0-2: Ball 1-2: Ground out 1-3 (Groundball, 13, EV 67.5 MPH)
|
|
Batting: RHB Ben Mischnick
|
0-0: Foul Ball, location: 2F 0-1: Foul Ball, location: 2F 0-2: Ball 1-2: Foul Ball, location: 2F 1-2: SINGLE (Line Drive, 4D, EV 97.5 MPH)
|
|
Batting: RHB Leonardo Nava
|
0-0: Ball 1-0: Ball 2-0: Ball 3-0: Base on Balls Ben Mischnick to second
|
|
Batting: RHB Wing-kit Bu
|
0-0: Ball 1-0: DOUBLE (Line Drive, 89M, EV 106.2 MPH) Ben Mischnick scores Leonardo Nava to third
|
|
Pitching: RHP Aaron Shapiro
|
|
|
Batting: RHB Tim Nettles
|
0-0: Ball 1-0: Ball 2-0: Ball 3-0: Base on Balls
|
|
Batting: SHB Shane Marcum
|
0-0: Ball 1-0: Called Strike 1-1: Foul Ball, location: 2F 1-2: Ball 2-2: Ball 3-2: Strikes out swinging
|
|
Batting: LHB Lirak Bazhunaishvili
|
0-0: Called Strike 0-1: Foul Ball, location: 2F 0-2: Ball 1-2: Strikes out swinging
|
| Bottom of the 6th over - 1 run, 2 hits, 0 errors, 3 left on base; Houston 8 - Los Angeles 6 |
| TOP OF THE 7TH |
|
Houston Astros batting - Pitching for Los Angeles Dodgers : LHP Gavin White
|
|
Batting: RHB Eric Chotkowski
|
0-0: Called Strike 0-1: Ball 1-1: Ball 2-1: Foul Ball, location: 2F 2-2: Foul Ball, location: 2F 2-2: Strikes out swinging
|
|
Batting: SHB Rich Chavez
|
0-0: Swinging Strike 0-1: Ball 1-1: Called Strike 1-2: Ball 2-2: Ball 3-2: Foul Ball, location: 2F 3-2: Strikes out swinging, 2-3 out at first.
|
|
Batting: RHB Chris Lane
|
0-0: Ball 1-0: Swinging Strike 1-1: Ball 2-1: Foul Ball, location: 2F 2-2: Foul Ball, location: 2F 2-2: Fly out, F9 (Flyball, 9S, EV 90.0 MPH)
|
| Top of the 7th over - 0 runs, 0 hits, 0 errors, 0 left on base; Houston 8 - Los Angeles 6 |
| BOTTOM OF THE 7TH |
|
Los Angeles Dodgers batting - Pitching for Houston Astros : RHP Aaron Shapiro
|
|
Batting: RHB Clay Buchanan
|
0-0: Called Strike 0-1: Swinging Strike 0-2: Ball 1-2: Strikes out swinging
|
|
Batting: RHB Danny Dyer
|
0-0: Called Strike 0-1: Called Strike 0-2: DOUBLE (Flyball, 8LXD, EV 98.1 MPH)
|
|
Batting: RHB John Piccolo
|
0-0: Foul Ball, location: 2F 0-1: Swinging Strike 0-2: Strikes out looking
|
|
Batting: RHB Ben Mischnick
|
0-0: Ball 1-0: Ground out 5-3 (Groundball, 56, EV 87.5 MPH)
|
| Bottom of the 7th over - 0 runs, 1 hit, 0 errors, 1 left on base; Houston 8 - Los Angeles 6 |
| TOP OF THE 8TH |
|
Houston Astros batting - Pitching for Los Angeles Dodgers : LHP Gavin White
|
|
Pitching: RHP Jon Harris
|
|
|
Batting: SHB Joe Gardner
|
0-0: Ball 1-0: DOUBLE (Groundball, 5L, EV 108.8 MPH)
|
|
Batting: SHB Troy Kenyon
|
0-0: Ball 1-0: Swinging Strike 1-1: Swinging Strike 1-2: Ball 2-2: Ball 3-2: Strikes out swinging
|
|
Batting: RHB Jeremy Trump
|
0-0: Ball 1-0: Ball 2-0: Ball 3-0: Called Strike 3-1: Ground out 6-3 (Groundball, 6, EV 81.2 MPH) Joe Gardner to third
|
|
Batting: LHB Eric Katz
|
0-0: Called Strike 0-1: Swinging Strike 0-2: Strikes out swinging
|
| Top of the 8th over - 0 runs, 1 hit, 0 errors, 1 left on base; Houston 8 - Los Angeles 6 |
| BOTTOM OF THE 8TH |
|
Los Angeles Dodgers batting - Pitching for Houston Astros : RHP Aaron Shapiro
|
|
Pitching: RHP Josh Holloway
|
|
|
Pinch Hitting: SHB Joel Baker
|
0-0: Ball 1-0: DOUBLE (Line Drive, 7LM, EV 98.1 MPH)
|
|
Batting: RHB Wing-kit Bu
|
0-0: SINGLE (Line Drive, 9S, EV 100.0 MPH) Joel Baker to third
|
|
Batting: RHB Tim Nettles
|
0-0: SINGLE (Flyball, 89S, EV 86.9 MPH) Joel Baker scores Wing-kit Bu to second Runner from 2nd tries for 3rd, SAFE, throw by RF made to third
|
|
Batting: SHB Shane Marcum
|
0-0: SINGLE (Line Drive, 56D, EV 100.6 MPH) Wing-kit Bu scores Tim Nettles to second
|
|
Batting: LHB Lirak Bazhunaishvili
|
0-0: Ball 1-0: Ball Tim Nettles steals 3rd base Shane Marcum to second 2-0: Intentional Walk
|
|
Batting: RHB Clay Buchanan
|
0-0: Called Strike 0-1: Swinging Strike 0-2: Ball 1-2: Fly out, F8 (Flyball, 8LD, EV 93.8 MPH) Runner from 3rd tags up, SCORES, throw by CF Shane Marcum to third
|
|
Batting: RHB Danny Dyer
|
0-0: Called Strike 0-1: Swinging Strike 0-2: Ball 1-2: Ball Lirak Bazhunaishvili steals 2nd base 2-2: SINGLE (Groundball, 6M, EV 106.2 MPH) Shane Marcum scores Lirak Bazhunaishvili to third Runner from 3rd tries for Home, throw by CF and OUT! 8-2
|
|
Pitching: RHP Mike Chisolm
|
|
|
Batting: RHB John Piccolo
|
0-0: Called Strike 0-1: Ball 1-1: Foul Ball, location: 2F 1-2: Strikes out swinging
|
| Bottom of the 8th over - 4 runs, 5 hits, 0 errors, 1 left on base; Houston 8 - Los Angeles 10 |
| TOP OF THE 9TH |
|
Houston Astros batting - Pitching for Los Angeles Dodgers : RHP Jon Harris
|
|
Pitching: RHP Bo Chia
|
|
|
Now at 2B: Tsutomu Irie
|
|
|
Batting: SHB Jason Woods
|
0-0: Ground out 5-3 (Groundball, 6S, EV 72.5 MPH)
|
|
Batting: LHB Jack Christie
|
0-0: Swinging Strike 0-1: Ball 1-1: Foul Ball, location: 2F 1-2: Strikes out swinging
|
|
Batting: RHB Eric Chotkowski
|
0-0: Ball 1-0: Called Strike 1-1: Called Strike 1-2: Ball 2-2: Foul Ball, location: 2F 2-2: Ball 3-2: DOUBLE (Line Drive, 78D, EV 113.8 MPH)
|
|
Batting: SHB Rich Chavez
|
0-0: Ball 1-0: SINGLE (Groundball, 4D, EV 95.6 MPH) Eric Chotkowski to third
|
|
Batting: RHB Chris Lane
|
0-0: Ball 1-0: Ground out 5-3 (Groundball, 5L, EV 88.8 MPH)
|
| Top of the 9th over - 0 runs, 2 hits, 0 errors, 2 left on base; Houston 8 - Los Angeles 10 |
|